 Dungeon Crawl Stone Soup version 0.18.1-8-gdd0e5ea (webtiles) character file.

30 Chemotherapy the Ruffian (level 3, -1/31 HPs)
             Began as a Ghoul Monk on May 21, 2016.
             Slain by a giant gecko (3 damage)
             ... on level 2 of the Dungeon.
             The game lasted 00:01:13 (858 turns).

Chemotherapy the Ruffian (Ghoul Monk)                Turns: 858, Time: 00:01:13

Health: -1/31      AC:  2    Str: 14    XL:     3   Next: 18%
Magic:  2/2        EV: 12    Int:  5    God:
Gold:   11         SH:  0    Dex: 12    Spells: 0 memorised, 2 levels left

rFire  . . .     SeeInvis .       - Unarmed
rCold  + . .     Gourm    .     a - +0 robe
rNeg   + + +     Faith    .     (no shield)
rPois  ∞         Spirit   .     (no helmet)
rElec  .         Dismiss  .     (no cloak)
rCorr  .         Reflect  .     (no gloves)
SustAt .         Harm     .     (no boots)
MR     .....                    (no amulet)
Stlth  ++........               (no ring)
                                (no ring)

@: rotting, not resistant to hostile enchantments, unstealthy
A: rotting body, claws 1, carnivore 3, cold resistance 1, negative energy
resistance 3, slow regeneration 1, torment resistance, unbreathing
a: no special abilities


You were on level 2 of the Dungeon.
You were not hungry.

You visited 1 branch of the dungeon, and saw 2 of its levels.

You collected 11 gold pieces.

Inventory:

Armour
 a - a +0 robe (worn)
Scrolls
 d - a scroll of teleportation {unknown}
 e - 2 scrolls of identify {unknown}
 g - a scroll of remove curse {unknown}
 h - a scroll of enchant weapon {unknown}
Potions
 c - a potion of cure mutation {unknown}
 i - a potion of curing {unknown}
Comestibles
 b - 3 meat rations {@e2}


   Skills:
 - Level 3.2 Fighting
 - Level 2.6 Dodging
 - Level 2.1 Stealth
 + Level 5.5 Unarmed Combat


You had 2 spell levels left.
You didn't know any spells.

Dungeon Overview and Level Annotations

Branches:
Dungeon (2/15)

Altars:


Innate Abilities, Weirdness & Mutations

Your body is rotting away.
You thrive on raw meat.
You are immune to poison.
You have sharp fingernails.
You are carnivorous and can eat meat at any time.
Your flesh is cold resistant.
You are immune to negative energy.
You regenerate slowly when monsters are visible.
You are immune to unholy pain and torment.
You can survive without breathing.


Message History

You take 1 damage, and have 22/26 hp.
The bat closely misses you. The bat barely misses you.
You closely miss the bat. The bat closely misses you.
The bat closely misses you. The bat closely misses you.
You scratch the bat. Your claw misses the bat. The bat misses you.
The bat barely misses you.
You scratch the bat. The bat hits you.
You take 1 damage, and have 21/26 hp.
The bat hits you but does no damage.
You miss the bat. The bat hits you but does no damage.
You scratch the bat but do no damage. The bat barely misses you.
You miss the bat. The bat barely misses you.
You barely miss the bat. The bat misses you.
You closely miss the bat. The bat misses you.
You scratch the bat. The bat closely misses you. The bat misses you.
You scratch the bat.
You kill the bat!
No target in view!
No target in view!
(D) Dungeon
Where to? (Enter - D:2, ? - help)
There is a stone staircase leading down here.
You climb downwards.
A hobgoblin comes into view.
Found a war axe.
Found a stone staircase leading down.
There is a stone staircase leading up here.
The helpless hobgoblin fails to defend itself.
You claw the hobgoblin!
You kill the hobgoblin!
No target in view!
No target in view!
An ooze comes into view.
An ooze is nearby!
An ooze is nearby!
The ooze quivers.
The ooze hits you but does no damage.
You scratch the ooze. The ooze hits you.
You take 2 damage, and have 21/26 hp.
You scratch the ooze. The ooze barely misses you.
You scratch the ooze but do no damage. The ooze closely misses you.
You completely miss the ooze. The ooze closely misses you.
You scratch the ooze.
You kill the ooze!
No target in view!
No target in view!
You see here a war axe.
You see here 22 stones.
As you open the door, it creaks loudly!
A bat comes into view.
The bat hits you.
A giant gecko comes into view.
There are monsters nearby!
You scratch the bat but do no damage. The bat hits you but does no damage.
An ooze and a giant cockroach come into view.
An adder comes into view.
The bat hits you but does no damage.
There is an open door here.
You barely miss the bat. The bat closely misses you.
The giant cockroach bites you.
You take 1 damage, and have 20/26 hp.
You scratch the giant cockroach.
You kill the giant cockroach!
The bat misses you.
You claw the adder! The bat barely misses you. The adder misses you.
The giant gecko closely misses you. The bat closely misses you.
You closely miss the bat. The bat misses you.
You closely miss the adder. The adder bites you but does no damage.
You barely miss the adder. The adder bites you. x2
You take 7 damage, and have 14/26 hp.
MASSIVE DAMAGE!!
You scratch the adder but do no damage. The adder bites you.
You take 4 damage, and have 10/26 hp.
You scratch the adder.
You kill the adder!
You have reached level 3!
Your experience leads to an increase in your attributes!
Increase (S)trength, (I)ntelligence, or (D)exterity?
You feel agile. The bat hits you but does no damage.
You regained 2 hp, and now have 12/31 hp.
MP restored: 2 The bat hits you. The giant gecko misses you.
The ooze misses you.
There is an open door here.
You take 1 damage, and have 11/31 hp.
You scratch the giant gecko. The bat hits you but does no damage.
The giant gecko barely misses you. The ooze hits you.
* * * LOW HITPOINT WARNING * * *
The giant gecko misses you.
You take 3 damage, and have 8/31 hp.
You barely miss the giant gecko. The bat hits you.
* * * LOW HITPOINT WARNING * * *
The ooze misses you. The bat closely misses you. The giant gecko bites you.
* * * LOW HITPOINT WARNING * * *
You take 6 damage, and have 2/31 hp.
You scratch the giant gecko but do no damage.
The bat hits you but does no damage. The ooze closely misses you.
The giant gecko bites you.
You die...

#..)...#
#..(...#
#......#
#......#
#......#
####......#
.......lJ.#
#@######
#b.#...#
##(#...#
#.#...#
#.....#.#
##....#.#
#....#.#
##...#.#
#...#.#


You could see an ooze, a giant gecko and a bat.

Vanquished Creatures
  An adder (D:2)
  An ooze (D:2)
  A giant cockroach (D:2)
  A goblin (D:1)
  2 hobgoblins
  3 kobolds (D:1)
  3 bats (D:1)
  3 giant newts (D:1)
  2 rats (D:1)
17 creatures vanquished.

Notes
Turn   | Place    | Note
--------------------------------------------------------------
     0 | D:1      | Chemotherapy the Ghoul Monk began the quest for the Orb.
     0 | D:1      | Reached XP level 1. HP: 19/19 MP: 0/0
   451 | D:1      | Reached XP level 2. HP: 26/26 MP: 1/1
   548 | D:1      | Reached skill level 5 in Unarmed Combat
   854 | D:2      | Reached XP level 3. HP: 12/31 MP: 2/2
   857 | D:2      | HP: 7/31 [bat (1)]
   857 | D:2      | HP: 2/31 [giant gecko (5)]
   858 | D:2      | Slain by a giant gecko

Skill      XL: |  1  2 |
---------------+-------+-----
Unarmed Combat | 5 |  5.5
Fighting       | |  3.2
Dodging        | |  2.6
Stealth        | |  2.1

Action                   || total
-------------------------++-------
Melee: Unarmed           ||    64
 Stab: Sleeping          ||     2
  Eat: Chunk             ||     4
Armor: Robe              ||    14
Dodge: Dodged            ||    51

Vault maps used:
D:1:      saegor_arrival_under_anarchy, st_stairs_7

Table legend:
 A = Turns spent in this place as a percentage of turns spent in the entire game.
 B = Non-inter-level travel turns spent in this place as a percentage of non-inter-level travel turns spent in the entire game.
 C = Inter-level travel turns spent in this place as a percentage of turns spent in this place.
 D = Turns resting spent in this place as a percentage of non-inter-level travel turns spent in this place.
 E = Turns spent auto-exploring this place as a percentage of non-inter-level travel turns spent in this place.
 F = Non-inter-level travel turns spent in this place divided by the number of levels of this place that you've seen.
                   A       B       C       D       E      F
               +-------+-------+-------+-------+-------+----------------------
         Total | 100.0 | 100.0 |   1.0 |   0.0 |  12.1 | 103.0
       Dungeon | 100.0 | 100.0 |   1.0 |   0.0 |  12.1 | 103.0
               +-------+-------+-------+-------+-------+----------------------

Table legend:
 A = Kills in this place as a percentage of kills in entire the game.
 B = Kills by you in this place as a percentage of kills by you in the entire game.
 C = Kills by friends in this place as a percentage of kills by friends in the entire game.
 D = Other kills in this place as a percentage of other kills in the entire game.
 E = Experience gained in this place as a percentage of experience gained in the entire game.
 F = Experience gained in this place divided by the number of levels of this place that you have seen.
                   A       B       C       D       E      F
               +-------+-------+-------+-------+-------+----------------------
         Total | 100.0 | 100.0 |  -nan |  -nan | 100.0 |  21.5
       Dungeon | 100.0 | 100.0 |  -nan |  -nan | 100.0 |  21.5
               +-------+-------+-------+-------+-------+----------------------
